 Dungeon Crawl Stone Soup version 0.24-a0-282-g1a68c91 (webtiles) character file.

Game seed: 17152247856703550260

496 MatthieuS the Sneak (level 7, -9/40 HPs)
             Began as a Kobold Enchanter on May 2, 2019.
             Was an Initiate of Dithmenos.
             Killed from afar by Dowan (19 damage)
             ... with a shard of ice
             ... on level 5 of the Dungeon.
             The game lasted 00:13:38 (5546 turns).

MatthieuS the Sneak (Kobold Enchanter)              Turns: 5546, Time: 00:13:39

Health: -9/40      AC:  5    Str:  7    XL:     7   Next: 38%
Magic:  6/12       EV: 20    Int: 17    God:    Dithmenos [......]
Gold:   275        SH:  0    Dex: 15    Spells: 4/13 levels left

rFire    + . .     SeeInvis .   j - +2 short sword (speed)
rCold    . . .     Gourm    .   (shield restricted)
rNeg     . . .     Faith    .   d - +0 leather armour
rPois    .         Spirit   .   m - +0 helmet
rElec    .         Reflect  .   (no cloak)
rCorr    .         Harm     .   x - +0 pair of gloves
MR       .....                  (no boots)
Stlth    +++.......             (no amulet)
HPRegen  0.13/turn              k - +4 ring of evasion
MPRegen  0.13/turn              p - ring of protection from fire

@: very slightly contaminated
A: small, carnivore
a: Renounce Religion


You were on level 5 of the Dungeon.
You worshipped Dithmenos.
Dithmenos was noncommittal.
You were very full.

You visited 2 branches of the dungeon, and saw 6 of its levels.

You collected 275 gold pieces.

Inventory:

Hand Weapons
 a - a +2 dagger
 j - a +2 short sword of speed (weapon)
   (You took it off Duvessa on level 5 of the Dungeon)
Missiles
 q - 32 bolts
Armour
 d - a +0 leather armour (worn)
   (You found it on level 1 of the Dungeon)
 m - a +0 helmet (worn)
   (You found it on level 1 of the Dungeon)
 x - a +0 pair of gloves (worn)
   (You found it on level 5 of the Dungeon)
Jewellery
 k - a +4 ring of evasion (left hand)
   (You found it on level 1 of the Dungeon)
 p - a ring of protection from fire (right hand)
   (You found it on level 3 of the Dungeon)
Scrolls
 b - a scroll of acquirement {unknown}
 g - 4 scrolls of remove curse {@r2}
 h - 6 scrolls of teleportation {@r4}
 i - 3 scrolls of enchant weapon
 l - a scroll of magic mapping
 v - 3 scrolls of enchant armour
Potions
 c - a potion of ambrosia {unknown}
 f - 3 potions of curing {@q1}
 n - a potion of mutation {unknown}
 r - a potion of invisibility {unknown}
 s - a potion of heal wounds {unknown}
 t - 2 potions of flight {unknown}
 u - 2 potions of magic
 w - a potion of brilliance {unknown}
Comestibles
 e - 9 rations


   Skills:
 + Level 2.8 Fighting
 + Level 3.7 Short Blades
 + Level 4.0 Dodging
 + Level 5.5 Stealth
 + Level 3.5 Spellcasting
 + Level 4.1 Hexes
 + Level 2.1 Ice Magic


You had 4 spell levels left.
You knew the following spells:

 Your Spells              Type           Power        Failure   Level  Hunger
a - Corona                Hex            ###....      4%          1    None
b - Ensorcelled Hibernat  Hex/Ice        ##....       11%         2    ##.....
c - Tukima's Dance        Hex            ###.....     14%         3    ###....
x - Confuse               Hex            ###.....     14%         3    ###....

Your spell library contained the following spells:

 Spells                   Type           Power        Failure   Level  Hunger
 Dazzling Spray           Conj/Hex       ##....       32%         3    ###....


Dungeon Overview and Level Annotations

Branches:
Dungeon (5/15)             Temple (1/1) D:4

Altars:
Dithmenos
Elyvilon
Fedhas
Gozag
Hepliaklqana
Makhleb
Okawaru
Ru
Trog
Uskayaw
Wu Jian
Xom
Yredelemnul
Zin

Shops:
D:4 [

Annotations:
D:5 Dowan


Innate Abilities, Weirdness & Mutations

You are small and have problems with some larger weapons.
You are carnivorous and can eat meat at any time.


Message History

Duvessa misses you.
Aim: Duvessa, wielding a +2 short sword of speed and wearing a +0 ring mail (severely wounded, chance to defeat MR: 26%) Duvessa looks drowsy...
The helpless Duvessa fails to defend herself.
You impale Duvessa!!
You kill Duvessa!
Dithmenos accepts your kill.
You hear a distant wail of despair.
Your Dodging skill increases to level 4!
Your Ice Magic skill increases to level 2!
Dowan seems to find hidden reserves of power!
Found a ring mail.
Things that are here:
a +2 short sword of speed; a +0 ring mail You strike the helpless Dowan from behind!
You puncture Dowan! Dowan hits you but does no damage.
Dowan casts a spell at you. The stone arrow misses you.
You hit Dowan. Dowan completely misses you.
You hit Dowan but do no damage. Dowan hits you with a cursed +0 dagger.
You barely miss Dowan. Dowan barely misses you.
You hit Dowan. Dowan closely misses you. Dowan hits you but does no damage.
You completely miss Dowan. Dowan hits you but does no damage.
You hit Dowan. Dowan hits you but does no damage.
You hit Dowan but do no damage. Dowan barely misses you.
You barely miss Dowan.
Dowan says, "Her death will not be in vain!"
Dowan hits you with a cursed +0 dagger.
Dowan gestures wildly while chanting.
Dowan blinks!
Things that are here:
a +2 short sword of speed; a +0 ring mail
j - a +2 short sword of speed Wield which item (- for none, * to show all)? (? for menu, Esc to quit)
Your hands tingle!
j - a +2 short sword of speed (weapon)
Dowan gestures at you while chanting. The shard of ice misses you.
Dowan points at you and mumbles some strange words.
The shard of ice hits you!
* * * LOW HITPOINT WARNING * * *
Dowan completely misses you.
You closely miss Dowan. Dowan gestures at you while chanting.
The shard of ice hits you!
* * * LOW HITPOINT WARNING * * *
You feel better.
Dowan points at you and mumbles some strange words.
The shard of ice hits you!!
You die...

#.# ..^............# #.#
########.#.....###
#.###.......#.......######
.......###.#.#.....#.......
#####..............####....
#..#..........####....#
#..#....##.#.....#..#..
#..#[...##.#.##########
#.....@e....[....# #
................#####
#..[..........$.#
......=.........#
#.##.......###..# #
#.......# #... #.......#
#.## ........# #.#


You could see Dowan.

Vanquished Creatures
  Duvessa (D:5)
  A centaur (D:5)
  A bullfrog zombie (D:5)
  A bullfrog skeleton (D:5)
  A hound (D:4)
  A centaur skeleton (D:4)
  Jessica (D:2)
  2 worker ants (D:4)
  An adder (D:3)
  2 oozes (D:1)
  An adder skeleton (D:5)
  3 worms
  A dart slug (D:1)
  4 leopard geckos
  7 orcs
  9 bats
  5 giant cockroaches
  8 goblins
  10 hobgoblins
  A jackal (D:2)
  5 kobolds
  A quokka (D:3)
  A ball python (D:2)
  6 frilled lizards
  9 rats
83 creatures vanquished.

Vanquished Creatures (others)
  An orc (D:5)
1 creature vanquished.

Grand Total: 84 creatures vanquished

Notes
Turn   | Place    | Note
-------+----------+-------------------------------------------
     0 | D:1      | MatthieuS the Kobold Enchanter began the quest for the Orb.
     0 | D:1      | Reached XP level 1. HP: 10/10 MP: 3/3
   686 | D:1      | Reached XP level 2. HP: 16/16 MP: 3/5
   710 | D:1      | Learned a level 2 spell: Ensorcelled Hibernation
  1472 | D:1      | Reached XP level 3. HP: 18/20 MP: 1/6
  1635 | D:1      | Reached skill level 1 in Fighting
  2029 | D:2      | Found a faded altar of an unknown god.
  2311 | D:2      | Found an opulent altar of Gozag.
  2373 | D:2      | Reached XP level 4. HP: 23/25 MP: 7/7
  2473 | D:2      | Noticed Jessica
  2491 | D:2      | Killed Jessica
  3242 | D:3      | Reached XP level 5. HP: 29/29 MP: 9/9
  3257 | D:3      | Learned a level 3 spell: Confuse
  3261 | D:3      | Learned a level 3 spell: Tukima's Dance
  3800 | D:3      | Found a burning altar of Makhleb.
  3802 | D:3      | Found a glowing silver altar of Zin.
  3803 | D:3      | Noticed an angel
  3803 | D:3      | Noticed a cacodemon
  3957 | D:4      | Found a staircase to the Ecumenical Temple.
  3968 | Temple   | Entered the Ecumenical Temple
  4062 | Temple   | Became a worshipper of Dithmenos the Shadowed
  4433 | D:4      | Reached skill level 1 in Ice Magic
  4581 | D:4      | Reached XP level 6. HP: 31/35 MP: 10/10
  4818 | D:4      | Found Ciudegoa's Antique Armour Emporium.
  4896 | D:4      | Reached skill level 5 in Stealth
  4966 | D:4      | Found a bloodstained altar of Trog.
  4992 | D:4      | Found an ornate altar of the Wu Jian Council.
  5135 | D:5      | Entered Level 5 of the Dungeon
  5260 | D:5      | Noticed a phantom
  5466 | D:5      | Noticed Duvessa
  5478 | D:5      | Reached XP level 7. HP: 34/40 MP: 9/12
  5516 | D:5      | Noticed Dowan
  5528 | D:5      | Killed Duvessa
  5546 | D:5      | Killed from afar by Dowan

Levels and vault maps discovered:
D:1:      dpeg_arrival_rhombi, layout_basic, hex_medium, minmay_tromino_v4_a
D:2:      layout_basic, lemuel_doored_altar, chequers_ecumenical_altar_simple,
          kennysheep_generic_room_15, uniq_jessica
D:3:      layout_loops_ring, grunt_temple_overflow_order_and_chaos_2
D:4:      layout_basic, kennysheep_mini_moat, lightli_temple_of_fire,
          minmay_temple_entry_waves, serial_co_window_serial, co_window_paths_b,
          co_window_paths_b, co_window_paths_a, co_window_paths_b,
          co_window_paths_a, co_window_corner_ca, co_window_broadway_b,
          co_window_unsneaky_path_c, co_window_cross_2, co_window_paths_c,
          glass_columns_a, glass_columns_c, serial_shops, shop
D:5:      layout_loops_ring, first_ration, minmay_misc_feat_rugged,
          okawaru_ov_weapons_minmay, uniq_duvessa
Temple:   dpeg_three_leaves_temple

Skill      XL: |  1  2  3  4  5  6  7 |
---------------+----------------------+-----
Short Blades   | 2 3 |  3.7
Fighting       | 1 2 |  2.8
Dodging        | 3 4 |  4.0
Spellcasting   | 3 |  3.5
Ice Magic      | 1 2 |  2.1
Stealth        | 5 |  5.5
Hexes          | 4 |  4.1

Action                   |  1- 3 |  4- 6 |  7- 9 || total
-------------------------+-------+-------+-------++-------
Melee: Dagger            |    94 |   207 |    11 ||   312
       Short sword       |       |       |     1 ||     1
 Cast: Corona            |     6 |     3 |       ||     9
       Ensorcelled Hiber |    12 |    21 |     2 ||    35
       Confuse           |       |     6 |       ||     6
  Use: Scroll            |       |    10 |       ||    10
       Potion            |       |     1 |     1 ||     2
 Stab: Sleeping          |    18 |    23 |     2 ||    43
       Distracted        |       |     1 |     1 ||     2
       Confused          |       |     1 |       ||     1
  Eat: Chunk             |    14 |    10 |       ||    24
Armor: Leather armour    |    15 |    29 |     2 ||    46
Dodge: Dodged            |    73 |   192 |     9 ||   274

Table legend:
 A = Non-vault XP
 B = Vault XP
 C = Vault XP percentage of total XP
 D = Non-vault monster count
 E = Vault monster count
 F = Vault count percentage of total count
                 A         B        C        D         E       F
            +---------+---------+-------+---------+---------+-------
      Total |     512 |     197 |  27.8 |      77 |       6 |   7.2
            +---------+---------+-------+---------+---------+-------
        D:1 |      51 |       4 |   7.3 |      23 |       2 |   8.0
        D:2 |      29 |      40 |  58.0 |      17 |       3 |  15.0
        D:3 |      65 |       0 |   0.0 |      25 |       0 |   0.0
        D:4 |     152 |       0 |   0.0 |       6 |       0 |   0.0
        D:5 |     215 |     153 |  41.6 |       6 |       1 |  14.3
            +---------+---------+-------+---------+---------+-------
